 Dungeon Crawl Stone Soup version 0.31-a0-557-g6e16503903 (webtiles) character file.

Game seed: 1355446471050979764

66 mdonais the Shooter (level 4, -4/31 HPs)
             Began as an Octopode Hunter on Aug 16, 2023.
             Slain by Natasha (5 damage)
             ... on level 2 of the Dungeon.
             The game lasted 00:03:05 (585 turns).

mdonais the Shooter (Octopode Hunter)                Turns: 585, Time: 00:03:06

Health: -4/31      AC:  1    Str: 10    XL:     4   Next: 15%
Magic:  4/4        EV: 13    Int: 11    God:
Gold:   39         SH:  0    Dex: 17    Spells: 3/3 levels left

rFire   . . .        a - +0 shortbow
rCold   . . .        (shield currently unavailable)
rNeg    . . .        (helmet restricted)
rPois   .            (no amulet)
rElec   .            (no ring)
rCorr   .            (no ring)
SInv    .            (no ring)
Will    .....        (no ring)
Stlth   +++          (no ring)
HPRegen 0.25/turn    (no ring)
MPRegen 0.09/turn    (no ring)
                     (no ring)

%: no passive effects
@: slowed, very slow
A: almost no armour, amphibious, 8 rings, camouflage 1, gelatinous body 1,
(nimble swimmer 1), tentacles
a: no special abilities


You were on level 2 of the Dungeon.
You visited 1 branch of the dungeon, and saw 2 of its levels.

You collected 39 gold pieces.

Inventory:

Hand Weapons
 a - a +0 shortbow (weapon)
Scrolls
 c - a scroll of enchant weapon {unknown}
Potions
 b - a potion of might {unknown}


   Skills:
 + Level 3.1 Fighting
 + Level 4.6 Ranged Weapons
 - Level 2.0 Dodging
 + Level 2.7 Stealth


You had 3 spell levels left.
You didn't know any spells.
Your spell library contained the following spells:

 Spells                   Type           Power      Damage    Failure   Level
 Volatile Blastmotes      Fire/Tloc      0%         2d10      71%         3
 Fulminant Prism          Conj/Hex       0%         3d5       98%         4
 Iskenderun's Mystic Bla  Conj/Tloc      0%         2d3       98%         4


Dungeon Overview and Level Annotations

Branches:
Dungeon (2/15) Zot: 11383

Altars:

Annotations:
D:2 Natasha, Robin


Innate Abilities, Weirdness & Mutations

You cannot wear most types of armour.
You are amphibious.
You can wear up to eight rings at the same time.
Your skin changes colour to match your surroundings (Stealth+).
Your rubbery body absorbs attacks. (AC +1, EV +1)
((You are camouflaged when in or above water. (Stealth+)))
You have tentacles for arms and can constrict up to eight enemies at once.


Message History

The frilled lizard hisses angrily.
The frilled lizard is heavily wounded.
You hear a shout!
You shoot an arrow. The arrow hits the frilled lizard.
You kill the frilled lizard!
No target in view!
No target in view!
Sorry, I don't know how to get there.
A kobold comes into view. It is wielding a +0 dagger.
You shoot an arrow. The arrow closely misses the kobold.
You shoot an arrow. The arrow hits the kobold.
The kobold is moderately wounded.
The kobold throws a stone.
The stone hits you but does no damage.
You shoot an arrow. The arrow closely misses the kobold.
You shoot an arrow. The arrow closely misses the kobold.
You shoot an arrow.
The arrow hits the kobold but does no damage.
The kobold is moderately wounded.
You shoot an arrow. The arrow barely misses the kobold.
The kobold closely misses you.
You shoot an arrow. The arrow hits the kobold.
You kill the kobold!
No target in view!
No target in view!
Things that are here:
a +0 dagger; 3 stones An endoplasm comes into view.
Found a scroll labelled ERCHOPL UTIROYMN.
You shoot an arrow. The endoplasm quivers.
The arrow hits the endoplasm.
The endoplasm is lightly wounded.
You shoot an arrow.
The arrow completely misses the endoplasm.
You shoot an arrow. The arrow hits the endoplasm.
The endoplasm is almost dead.
You shoot an arrow. The arrow hits the endoplasm.
You kill the endoplasm!
You have reached level 4!
Health restored: 31; MP restored: 4 An adder comes into view.
You see here a book of Blasting.
You pick up a book of Blasting and begin reading...
You add the spells Volatile Blastmotes, Fulminant Prism and Iskenderun's Mystic Blast to your library.
You shoot an arrow.
The arrow hits the adder but does no damage.
The adder hisses angrily.
You shoot an arrow. The arrow completely misses the adder.
You shoot an arrow. The arrow closely misses the adder.
You shoot an arrow. The arrow hits the adder.
The adder is moderately wounded.
The adder bites you.
You take 3 damage, and have 28/31 hp.
You shoot an arrow. The arrow hits the adder.
The adder is almost dead.
The adder bites you.
You take 1 damage, and have 27/31 hp.
You shoot an arrow. The arrow misses the adder.
The adder bites you.
You are poisoned.
The adder poisons you! The adder bites you.
You are more poisoned.
The adder poisons you!
You take 3 damage, and have 24/31 hp.
You shoot an arrow. The arrow completely misses the adder.
You feel very sick. The adder bites you but does no damage.
You take 3 damage, and have 21/31 hp.
You shoot an arrow. The arrow barely misses the adder.
You feel sick. The adder barely misses you. The adder closely misses you.
You take 1 damage, and have 20/31 hp.
You shoot an arrow. The arrow closely misses the adder.
You feel sick. The adder barely misses you.
You take 2 damage, and have 18/31 hp.
You shoot an arrow. The arrow hits the adder!
You kill the adder!
You feel sick.
You take 1 damage, and have 17/31 hp.
You feel sick.
You take 1 damage, and have 16/31 hp.
You feel sick.
You start resting.
You feel sick. x2
You are no longer poisoned.
You take 2 damage, and have 14/31 hp.
You start resting.
Natasha, Servant of Life and Death comes into view.
You regained 15 hp, and now have 29/31 hp.
You shoot an arrow. The arrow hits Natasha.
Natasha is lightly wounded.
Natasha casts a spell at you.
You feel yourself slow down.
Natasha casts a spell.
You shoot an arrow. The arrow closely misses Natasha.
Natasha casts a spell at you. The magic dart hits you.
You take 4 damage, and have 26/31 hp.
You shoot an arrow. The arrow hits Natasha.
Natasha is moderately wounded.
Fire: a) +0 shortbow
Press: ? - help, Q - select action Shift-Dir - straight line, f/p - Natasha
Aim: Natasha (moderately wounded, 56% to hit)
You shoot an arrow. The arrow barely misses Natasha.
Natasha casts a spell.
Fire: a) +0 shortbow
Press: ? - help, Q - select action Shift-Dir - straight line, f/p - Natasha
Aim: Natasha (moderately wounded, 56% to hit)
You shoot an arrow.
The arrow barely misses the cerulean imp.
The arrow barely misses Natasha.
The cerulean imp completely misses you. The cerulean imp closely misses you.
The cerulean imp hits you from afar with a +0 spear.
You take 3 damage, and have 24/31 hp.
Fire: a) +0 shortbow
Press: ? - help, Q - select action Shift-Dir - straight line, f/p - Natasha
Aim: Natasha (moderately wounded, 56% to hit)
You shoot an arrow. The arrow completely misses Natasha.
The arrow hits the cerulean imp.
The cerulean imp is lightly wounded.
The cerulean imp completely misses you.
Natasha howls an incantation.
You feel disoriented. Natasha misses you. The cerulean imp closely misses you.
The cerulean imp hits you from afar with a +1 spear.
Natasha closely misses you.
You take 2 damage, and have 22/31 hp.
Fire: a) +0 shortbow
Press: ? - help, Q - select action Shift-Dir - straight line, f/p - Natasha
Aim: Natasha (moderately wounded, 56% to hit)
You shoot an arrow. The arrow hits Natasha.
Natasha is severely wounded.
The cerulean imp hits you but does no damage.
The cerulean imp hits you from afar with a +1 spear.
Natasha casts a spell at you. The magic dart hits you!
The cerulean imp hits you from afar with a +0 spear.
* * * LOW HITPOINT WARNING * * *
The cerulean imp hits you from afar with a +1 spear.
* * * LOW HITPOINT WARNING * * *
You take 17 damage, and have 5/31 hp.
MASSIVE DAMAGE!!
Fire: a) +0 shortbow
Press: ? - help, Q - select action Shift-Dir - straight line, f/p - Natasha
Aim: Natasha (severely wounded, 56% to hit)
You shoot an arrow.
The arrow hits Natasha but does no damage.
Natasha is severely wounded.
The cerulean imp disappears in a puff of smoke!
Natasha barely misses you.
The cerulean imp hits you from afar with a +1 spear.
* * * LOW HITPOINT WARNING * * *
Natasha claws you.
You die...

#..................#.......
#########..............#.......
#.......'.......#......#.......
#.......#....###########.......
#.......##..........####.......
#..............>...............
............)............######.
.................5....... ...
......###...##.@h§†...... ....
...... #................. .....
#.†.....###....... ##...
.......... ....... ...........
......# ............ .......
.....#.... .......
...?..............


You could see Natasha and a cerulean imp (summoned).

Vanquished Creatures
  Natasha (D:2)
  A gnoll (D:1)
  An adder (D:2)
  2 bats (D:2)
  3 endoplasms (D:2)
  2 giant cockroaches (D:2)
  4 goblins
  2 jackals (D:2)
  A quokka (D:2)
  2 frilled lizards (D:2)
  2 kobolds (D:2)
  A rat (D:1)
22 creatures vanquished.

Notes
Turn   | Place    | Note
-------+----------+-------------------------------------------
     0 | D:1      | mdonais the Octopode Hunter began the quest for the Orb.
     0 | D:1      | Reached XP level 1. HP: 14/14 MP: 1/1
    86 | D:1      | Reached XP level 2. HP: 13/20 MP: 2/2
   122 | D:1      | You fall into a shaft and drop 1 floor!
   168 | D:2      | Noticed Robin
   235 | D:2      | Noticed Natasha
   240 | D:2      | Killed Natasha
   241 | D:2      | Reached XP level 3. HP: 6/25 MP: 3/3
   500 | D:2      | Reached XP level 4. HP: 31/31 MP: 4/4
   577 | D:2      | Noticed Natasha
   585 | D:2      | HP: 1/31 [cerulean imp/+1 spear[Natasha] (5)]
   585 | D:2      | Slain by Natasha

Illustrated notes

Levels and vault maps discovered:
D:1:      giann_wishing_wells, layout_basic, minmay_misc_feat_rows
D:2:      layout_basic, minmay_misc_feat_encased, item_on_display_b, uniq_robin,
          uniq_natasha

Skill      XL: |  1  2  3 |
---------------+----------+-----
Stealth        | 2 |  2.7
Fighting       | 3 |  3.1
Ranged Weapons | |  4.6
Dodging        | |  2.0

Action                     |  1- 3 |  4- 6 || total
---------------------------+-------+-------++-------
   Fire: Shortbow          |    78 |    18 ||    96
    Use: Scroll            |     1 |       ||     1
 Armour: Skin              |     5 |     2 ||     7
  Dodge: Dodged            |    30 |    10 ||    40

Table legend: (Time is in decaauts)
 A = Elapsed time spent in this place.
 B = Non-inter-level travel time spent in this place.
 C = Inter-level travel time spent in this place.
 D = Time resting spent in this place.
 E = Time spent auto-exploring this place.
 F = Levels seen in this place.
 G = Mean time per level.
                   A        B        C        D        E       F      G
               +--------+--------+--------+--------+--------+-----+--------+
         Total |    615 |    615 |      0 |    139 |    237 |   2 |  307.5 |
       Dungeon |    615 |    615 |      0 |    139 |    237 |   2 |  307.5 |
               +--------+--------+--------+--------+--------+-----+--------+

Top non-repeatable levels by time:
     D:2: 490 daAuts
     D:1: 124 daAuts
